 Dungeon Crawl Stone Soup version 0.27.0-1-g7a089689b8 (webtiles) character file.

Game seed: 13821038084399347955

1437 Leeroy the Slasher (level 9, -2/58 HPs)
             Began as a Djinni Warper on Aug 6, 2021.
             Was an Initiate of Makhleb.
             Slain by a sky beast (6 damage)
             ... on level 5 of the Dungeon.
             The game lasted 00:11:59 (9360 turns).

Leeroy the Slasher (Djinni Warper)                  Turns: 9360, Time: 00:12:00

Health: -2/58      AC:  4    Str: 10    XL:     9   Next: 3%
Gold:   116        EV: 13    Int: 18    God:    Makhleb [......] SH:  0 Dex: 13

rFire    + + .     SeeInvis .   B - +0 double sword
rCold    x . .     Faith    .   (no shield)
rNeg     . . .     Spirit   .   b - +0 leather armour
rPois    ∞         Reflect  .   (no helmet)
rElec    .         Harm     .   t - +0 cloak
rCorr    .         Rampage  .   (no gloves)
Will     .....                  (boots unavailable)
Stlth    +.........             (no amulet)
HPRegen  0.19/turn              (no ring)
MPRegen  0.00/turn              (no ring)

@: flying
A: sickness immunity, fire resistance 2, cold vulnerability 1, float, innate
caster, hp casting, extra vitality 1
a: Renounce Religion


You were on level 5 of the Dungeon.
You worshipped Makhleb.
Makhleb was noncommittal.
You visited 2 branches of the dungeon, and saw 7 of its levels.

You collected 359 gold pieces.
You spent 140 gold pieces at shops.
You paid 103 gold pieces to Gozag.

Inventory:

Hand Weapons
 a - a +0 falchion
 l - a +0 long sword
 o - a +0 short sword of draining
 w - a +0 whip of electrocution
 y - a +0 spear of venom
 z - the +8 spear "No More Talking" {vorpal, Contam rF++ rN+ Int-4}
   (You found it on level 4 of the Dungeon)

   It inflicts extra damage upon your enemies.
   Int:       It affects your intelligence (-4).
   rF:        It greatly protects you from fire.
   rN:        It protects you from negative energy.
   Contam:    It causes magical contamination when unequipped.
 A - a +1 demon trident of venom
 B - a +0 double sword (weapon)
Missiles
 d - 5 boomerangs of dispersal (quivered)
 n - a throwing net
 x - 41 poisoned darts
Armour
 b - a +0 leather armour (worn)
 t - a +0 cloak (worn)
Wands
 p - a wand of acid (6)
Scrolls
 c - a scroll of identify
 e - 3 scrolls of noise
 i - a scroll of brand weapon
 s - a scroll of enchant armour {unknown}
 u - a scroll of vulnerability {unknown}
 v - a scroll of acquirement {unknown}
Potions
 f - 3 potions of heal wounds
 g - a potion of flight {unknown}
 h - a potion of attraction {unknown}
 j - 3 potions of brilliance {unknown}
 k - 2 potions of haste
 m - a potion of mutation {unknown}
 q - a potion of might {unknown}
 r - 6 potions of curing {unknown}


   Skills:
 - Level 2.0 Fighting
 - Level 6.2 Long Blades
 - Level 0.7 Throwing
 - Level 1.0 Armour
 - Level 5.1 Dodging
 + Level 5.8 Spellcasting


You couldn't memorise any spells.
You knew the following spells:

 Your Spells              Type           Power      Damage    Failure   Level
a - Blink                 Tloc           N/A        N/A       2%          2
b - Lesser Beckoning      Tloc           13%        N/A       4%          3
c - Gell's Gravitas       Tloc           13%        N/A       4%          3
d - Teleport Other        Tloc           26%        N/A       4%          3
e - Manifold Assault      Tloc           26%        N/A       38%         5
f - Beastly Appendage     Tmut           52%        N/A       1%          1
g - Ensorcelled Hibernat  Hex/Ice        52%        N/A       2%          2
h - Swiftness             Air            26%        N/A       4%          3
i - Spider Form           Tmut/Pois      13%        N/A       4%          3
Your spell library was empty.

Dungeon Overview and Level Annotations

Branches:
Dungeon (6/15)             Temple (1/1) D:6

Altars:
Ashenzari
Cheibriados
Gozag
Hepliaklqana
Kikubaaqudgha
Makhleb
Nemelex Xobeh
Okawaru
Ru
Sif Muna
Trog
Uskayaw
Vehumet
Wu Jian
Yredelemnul
The Shining One
Beogh

Shops:
D:1 [   D:4 *   D:5 !

Annotations:
D:6 Eustachio


Innate Abilities, Weirdness & Mutations

You are immune to sickness and miasma.
You are immune to poison.
Your flesh is very heat resistant. (rF++)
You are vulnerable to cold. (rC-)
You float through the air rather than walking.
You learn spells naturally, not from books.
Your magical power is your life essence.
You have superior vitality. (+4 HP)


Message History

You hit the phantom but do no damage.
The phantom is severely damaged.
Found a scroll labelled RAIH BAUV HEAG and a lumpy puce potion.
A sky beast comes into view.
Casting: Ensorcelled Hibernation (safe; 2% risk of failure)
Confirm with . or Enter, or press ? or * to list all spells.
You blink.
* * * LOW HITPOINT WARNING * * *
A bullfrog zombie comes into view.
The bullfrog zombie hits you.
* * * LOW HITPOINT WARNING * * *
You barely miss the bullfrog zombie. The bullfrog zombie closely misses you.
You riposte.
You closely miss the bullfrog zombie.
Okay, then.
Gozag petitions for your drink to fail. The bullfrog zombie hits you.
* * * LOW HITPOINT WARNING * * *
You feel much better. The bullfrog zombie hits you. The iguana bites you!
* * * LOW HITPOINT WARNING * * *
The bullfrog zombie hits you.
* * * LOW HITPOINT WARNING * * *
You hit the bullfrog zombie.
The bullfrog zombie is lightly damaged.
The sky beast flickers out of sight!
Deactivating autopickup; reactivate with Ctrl-A.
The bullfrog zombie completely misses you.
The iguana misses you.
You barely miss the bullfrog zombie.
The bullfrog zombie is lightly damaged.
The bullfrog zombie hits you.
* * * LOW HITPOINT WARNING * * *
The iguana bites you!
* * * LOW HITPOINT WARNING * * *
The bullfrog zombie barely misses you.
You riposte.
You completely miss the bullfrog zombie.
The bullfrog zombie is lightly damaged.
Something hits you.
* * * LOW HITPOINT WARNING * * *
Something shocks you.
You die...

#........ #.........
##........ #........
#........ #........
##........ #l.W..(...
######### #@##......
##.......####Z###....#
##........#.....#
##..#
##...........###..# ##
#........W..## #.#
#...........# #.#
##...§.......# ..#
#............# ..#
..#..........# #..#


You could see a phantom, an iguana and a bullfrog zombie.

Vanquished Creatures
  A steam dragon (D:4)
  Menkaure (D:6)
  A black bear (D:3)
  2 ogres
  A necrophage (D:6)
  2 kobold brigands
  Blork the orc (D:6)
  A scorpion (D:6)
  2 bullfrog skeletons
  An orc priest (D:4)
  3 jellies
  5 hounds
  3 gnolls (D:5)
  9 adders
  4 white imps
  An ufetubus (D:4)
  2 adder skeletons
  A worm (D:2)
  3 dart slugs
  7 orcs
  5 ball pythons
  9 bats
  6 endoplasms
  2 giant cockroaches (D:1)
  14 goblins
  7 hobgoblins
  4 jackals (D:3)
  4 quokkas
  2 frilled lizards
  A giant cockroach zombie (D:3)
  17 kobolds
  4 rats
126 creatures vanquished.

Vanquished Creatures (others)
  4 withered plants (D:3)
4 creatures vanquished.

Grand Total: 130 creatures vanquished

Notes
Turn   | Place    | Note
-------+----------+-------------------------------------------
     0 | D:1      | Leeroy the Djinni Warper began the quest for the Orb.
     0 | D:1      | Reached XP level 1. HP: 18/18 MP: 0/0
   202 | D:1      | Reached skill level 2 in Long Blades
   270 | D:1      | Reached XP level 2. HP: 23/23 MP: 0/0
   692 | D:1      | Found Uloula's Armour Shop.
   938 | D:1      | Reached skill level 3 in Long Blades
   938 | D:1      | Reached XP level 3. HP: 26/28 MP: 0/0
   938 | D:1      | Learned a level 1 spell: Beastly Appendage
  1338 | D:1      | Found a faded altar of an unknown god.
  1514 | D:2      | You are sucked into a shaft and drop 1 floor!
  2144 | D:3      | Reached XP level 4. HP: 28/33 MP: 0/0
  2701 | D:4      | Found Hadig's Assorted Antiques.
  2724 | D:4      | Reached skill level 4 in Long Blades
  2756 | D:4      | Noticed an ogre
  2767 | D:4      | Killed an ogre
  2768 | D:4      | Reached skill level 5 in Long Blades
  2768 | D:4      | Reached XP level 5. HP: 7/38 MP: 0/0
  2768 | D:4      | Learned a level 2 spell: Ensorcelled Hibernation
  3044 | D:4      | Noticed a steam dragon
  3053 | D:4      | Found a snail-covered altar of Cheibriados.
  3365 | D:2      | Reached XP level 6. HP: 40/43 MP: 0/0
  4294 | D:4      | Noticed a black bear
  4318 | D:3      | Killed a black bear
  4319 | D:3      | Reached skill level 6 in Long Blades
  4826 | D:4      | Reached XP level 7. HP: 14/49 MP: 0/0
  4826 | D:4      | Learned a level 3 spell: Swiftness
  5907 | D:4      | Killed a steam dragon
  6078 | D:4      | Identified the +8 spear "No More Talking" {vorpal, Contam
                  | rF++ rN+ Int-4}
  6220 | D:5      | Entered Level 5 of the Dungeon
  6798 | D:5      | Reached skill level 5 in Dodging
  6798 | D:5      | Reached XP level 8. HP: 48/54 MP: 0/0
  7075 | D:5      | Found a sparkling altar of Nemelex Xobeh.
  7339 | D:5      | Found Iboitiy's Distillery.
  7350 | D:5      | Bought 2 potions of heal wounds for 140 gold pieces
  7851 | D:6      | Noticed Menkaure
  7861 | D:6      | Killed Menkaure
  8178 | D:6      | Noticed Blork the orc
  8190 | D:6      | Killed Blork the orc
  8392 | D:6      | Reached skill level 5 in Spellcasting
  8560 | D:6      | Found an opulent altar of Gozag.
  8623 | D:6      | Became a worshipper of Gozag Ym Sagoz the Greedy
  8884 | D:6      | Found a staircase to the Ecumenical Temple.
  8977 | Temple   | Entered the Ecumenical Temple
  9168 | Temple   | Fell from the grace of Gozag
  9168 | Temple   | Became a worshipper of Makhleb the Destroyer
  9232 | D:6      | Reached XP level 9. HP: 55/58 MP: 0/0
  9232 | D:6      | Learned a level 3 spell: Spider Form
  9297 | D:6      | Noticed Eustachio
  9360 | D:5      | Slain by a sky beast

Illustrated notes

Levels and vault maps discovered:
D:1:      lightli_arrival_noodles, layout_loops_corners, serial_shops, shop,
          hellmonk_ecumenical_altar_defaced_shrine
D:2:      layout_loops_ring, grunt_decor_clamped
D:3:      layout_basic, serial_undead, serial_undead_c, serial_undead_f,
          serial_undead_d, serial_undead_e, serial_undead_c, serial_undead_b,
          serial_undead_b, minmay_misc_feat_secret_circle,
          minmay_misc_feat_four_crosses
D:4:      minmay_angry_zag, layout_rooms, cheibriados_altar_1, serial_shops,
          nicolae_shop_trees, kennysheep_generic_room_9
D:5:      layout_cave_pods, mainiacjoe_overflow_brackets, serial_shops, shop,
          minmay_door_square
D:6:      layout_basic, mainiacjoe_overflow_paths, temple_statues,
          minmay_misc_feat_diagonals, roderic_roman_lattice,
          grunt_decor_arrowhead, minivault_24, uniq_blork_the_orc,
          uniq_menkaure, uniq_eustachio
Temple:   dshaligram_water_room_temple

Skill      XL: |  1  2  3  4  5  6  7  8 |
---------------+-------------------------+-----
Long Blades    | 2 3 5 6 |  6.2
Spellcasting   | 3 5 |  5.8
Dodging        | 5 |  5.1
Fighting       | |  2.0
Throwing       | |  0.7
Armour         | |  1.0

Action                   |  1- 3 |  4- 6 |  7- 9 || total
-------------------------+-------+-------+-------++-------
Melee: Falchion          |    81 |       |       ||    81
       Long sword        |    19 |    93 |    66 ||   178
       Short sword       |     9 |    93 |       ||   102
       Headbutt          |       |     2 |       ||     2
       Demon trident     |       |       |   106 ||   106
       Double sword      |       |       |    54 ||    54
 Cast: Beastly Appendage |     1 |     1 |     1 ||     3
       Blink             |       |     1 |     2 ||     3
       Teleport Other    |       |       |     5 ||     5
       Ensorcelled Hiber |       |       |     1 ||     1
  Use: Scroll            |       |     2 |     3 ||     5
       Potion            |       |       |     1 ||     1
 Stab: Distracted        |       |       |     2 ||     2
       Sleeping          |       |       |     1 ||     1
Armor: Leather armour    |    40 |    56 |    52 ||   148
Dodge: Dodged            |    84 |   147 |   193 ||   424
       Rpst.: Falchion   |    14 |       |       ||    14
       Long sword        |     6 |    15 |    12 ||    33
       Double sword      |       |       |    24 ||    24
